 Dungeon Crawl Stone Soup version 0.32-a0-876-gcfddb08e57 (webtiles) character file.

Game seed: 267582183876645067

55 Fractals the Conjurer (level 3, -4/23 HPs)
             Began as a Gargoyle Reaver on Apr 1, 2024.
             Slain by a ribbon worm (6 damage)
             ... on level 2 of the Dungeon.
             The game lasted 00:03:13 (1118 turns).

Fractals the Conjurer (Gargoyle Reaver)             Turns: 1118, Time: 00:03:14

Health: -4/23      AC:  6    Str: 17    XL:     3   Next: 93%
Magic:  6/6        EV: 10    Int: 13    God:
Gold:   38         SH:  0    Dex:  8    Spells: 6/7 levels left

rFire   . . .        a - +0 mace
rCold   . . .        (no shield)
rNeg    + . .        b - +0 leather armour
rPois   ∞            (no helmet)
rElec   +            (no cloak)
rCorr   .            (no gloves)
SInv    +            (no boots)
Will    .....        (no amulet)
Stlth   ++           c - ring of see invisible
HPRegen 0.23/turn    (no ring)
MPRegen 0.10/turn

%: no passive effects
@: no status effects
A: sickness immunity, AC +3, negative energy resistance 1, electricity
resistance, torment resistance 1, petrification resistance
a: no special abilities


You were on level 2 of the Dungeon.
You visited 1 branch of the dungeon, and saw 2 of its levels.

You collected 38 gold pieces.

Inventory:

Hand Weapons
 a - a +0 mace (weapon)
Armour
 b - a +0 leather armour (worn)
Jewellery
 c - a ring of see invisible (left hand)
Scrolls
 f - a scroll of identify {unknown}
 g - a scroll of torment {unknown}
Potions
 d - a potion of degeneration {unknown}
 e - a potion of resistance {unknown}
 h - a potion of brilliance {unknown}


   Skills:
 - Level 3.0 Fighting
 - Level 3.0 Maces & Flails
 - Level 1.5 Dodging
 + Level 2.7 Stealth
 + Level 2.5 Spellcasting
 - Level 3.2 Conjurations


You had 6 spell levels left.
You knew the following spells:

 Your Spells              Type           Power      Damage    Failure   Level
a - Kiss of Death         Conj/Necr      20%        2d7       16%         1

Your spell library contained the following spells:

 Spells                   Type           Power      Damage    Failure   Level
 Momentum Strike          Conj/Tloc      10%        3d8       22%         2
 Hailstorm                Conj/Ice       5%         3d5       41%         3


Dungeon Overview and Level Annotations

Branches:
Dungeon (2/15)

Altars:


Innate Abilities, Weirdness & Mutations

You are immune to sickness and miasma.
Your stone body is resilient. (AC +3)
You are immune to poison.
You resist negative energy. (rN+)
You are resistant to electric shocks. (rElec)
You are resistant to unholy torment.
You are immune to petrification.


Message History

The hobgoblin closely misses you. The ribbon worm barely misses you.
You barely miss the ribbon worm.
The ribbon worm is heavily wounded.
The hobgoblin hits you but does no damage.
The ribbon worm barely misses you.
You hit the ribbon worm but do no damage.
The ribbon worm is moderately wounded.
The hobgoblin hits you but does no damage.
The ribbon worm bites you but does no damage.
You hit the ribbon worm.
The ribbon worm is heavily wounded.
The hobgoblin hits you.
The ribbon worm expels a string of sticky webbing.
The stream of webbing hits you but does no damage.
You are caught in a web!
The hobgoblin hits you but does no damage.
A frilled lizard comes into view.
You struggle to detach yourself from the web.
The ribbon worm bites you!
* * * LOW HITPOINT WARNING * * *
The hobgoblin hits you but does no damage.
The web tears apart.
The hobgoblin barely misses you.
The frilled lizard hisses angrily.
You hit the ribbon worm.
The ribbon worm is heavily wounded.
The ribbon worm bites you.
* * * LOW HITPOINT WARNING * * *
The hobgoblin misses you. The ribbon worm closely misses you.
You hit the ribbon worm.
The ribbon worm is severely wounded.
The hobgoblin hits you but does no damage.
A ribbon worm comes into view.
The ribbon worm expels a string of sticky webbing.
The stream of webbing hits you but does no damage.
You are caught in a web!
You struggle to detach yourself from the web.
The hobgoblin completely misses you.
Unknown command.
The web tears apart.
The ribbon worm bites you.
You die...

#...........#
#...###.#####.#
#############
##### #.# #
#.#####.## #.
####......... ...
## #........#.##
.... #.##........#
.....#.#.........#
......g#.........#
......w@.........#
.w...#l....(.....+
... #...........#
. ####........#
#........#
#........#
#........ .....


You could see 2 ribbon worms, a hobgoblin and a frilled lizard.

Vanquished Creatures
  An adder (D:2)
  3 ball pythons (D:1)
  5 bats
  8 endoplasms
  A giant cockroach (D:1)
  2 goblins (D:1)
  6 hobgoblins
  3 jackals (D:1)
  3 kobolds (D:1)
  A quokka (D:1)
  3 frilled lizards (D:1)
  2 rats
38 creatures vanquished.

Notes
Turn   | Place    | Note
-------+----------+-------------------------------------------
     0 | D:1      | Fractals the Gargoyle Reaver began the quest for the Orb.
     0 | D:1      | Reached XP level 1. HP: 12/12 MP: 3/3
    72 | D:1      | Reached skill level 1 in Stealth
   115 | D:1      | Reached XP level 2. HP: 18/18 MP: 5/5
   469 | D:1      | Reached XP level 3. HP: 18/23 MP: 6/6
  1115 | D:2      | HP: 1/23 [ribbon worm (5)]
  1118 | D:2      | Slain by a ribbon worm

Illustrated notes

Levels and vault maps discovered:
D:1:      spicycebolla_arrival_xxxplode, layout_basic
D:2:      layout_basic, serial_shops, nicolae_shop_tiny_glass,
          kennysheep_decorative_pillar

Skill      XL: |  1  2 |
---------------+-------+-----
Stealth        | 1 2 |  2.7
Fighting       | 3 |  3.0
Maces & Flails | |  3.0
Dodging        | |  1.5
Spellcasting   | |  2.5
Conjurations   | |  3.2

Action                     || total
---------------------------++-------
  Melee: Mace              ||   137
   Stab: Sleeping          ||     5
         Distracted        ||     1
 Armour: Leather armour    ||   114
  Dodge: Dodged            ||    75

Table legend: (Time is in decaauts)
 A = Elapsed time spent in this place.
 B = Non-inter-level travel time spent in this place.
 C = Inter-level travel time spent in this place.
 D = Time resting spent in this place.
 E = Time spent auto-exploring this place.
 F = Levels seen in this place.
 G = Mean time per level.
                   A        B        C        D        E       F      G
               +--------+--------+--------+--------+--------+-----+--------+
         Total |   1153 |   1143 |     10 |      0 |    755 |   2 |  576.5 |
       Dungeon |   1153 |   1143 |     10 |      0 |    755 |   2 |  576.5 |
               +--------+--------+--------+--------+--------+-----+--------+

Top non-repeatable levels by time:
     D:1: 920 daAuts
     D:2: 232 daAuts
